 Dungeon Crawl Stone Soup version 0.29-a0-284-gf9362112df (webtiles) character file.

Game seed: 4210002981816272517

1169 enile the Skirmisher (level 8, 0/73 HPs)
             Began as a Minotaur Wanderer on Mar 18, 2022.
             Was a Believer of Uskayaw.
             Slain by an orc warrior
             ... wielding a +0 halberd
              (12 damage)
             ... on level 6 of the Dungeon.
             The game lasted 00:10:00 (5692 turns).

enile the Skirmisher (Minotaur Wanderer)            Turns: 5692, Time: 00:10:01

Health: 0/73       AC: 21    Str: 17    XL:     8   Next: 17%
Magic:  7/10       EV:  2    Int:  7    God:    Uskayaw [**....]
Gold:   108        SH:  5    Dex: 14    Spells: 7/7 levels left

rFire   . . .      SeeInvis .   B - +0 war axe
rCold   . . .      Faith    .   e - +0 buckler {AC+3}
rNeg    . . .      Spirit   .   p - +0 crystal plate armour
rPois   .          Reflect  .   (helmet restricted)
rElec   .          Harm     .   (no cloak)
rCorr   .          Rampage  .   (no gloves)
Will    .....                   t - +0 pair of boots {Stlth+}
Stlth   ..........              (no amulet)
HPRegen 0.22/turn               (no ring)
MPRegen 0.12/turn               (no ring)

@: no status effects
A: horns 2, retaliatory headbutt
a: Renounce Religion, Stomp, Line Pass


You were on level 6 of the Dungeon.
You worshipped Uskayaw.
Uskayaw was noncommittal.
You visited 1 branch of the dungeon, and saw 6 of its levels.

You collected 285 gold pieces.
You spent 177 gold pieces at shops.

Inventory:

Hand Weapons
 a - a +0 club
 l - a +0 flail
 q - a +1 mace of draining
 B - a +0 war axe (weapon)
Missiles
 d - 4 poisoned darts (quivered)
Armour
 c - a +0 ring mail
 e - a +0 buckler of protection (worn)
 n - the +0 leather armour of Myocogi {Int+4 Slay+2}
   (You found it on level 2 of the Dungeon)

   Int:       It affects your intelligence (+4).
   Slay:      It affects your accuracy & damage with ranged weapons and melee
   (+2).
 p - a +0 crystal plate armour (worn)
 t - a +0 pair of boots of stealth (worn)
Jewellery
 s - an amulet of magic regeneration
Wands
 h - a wand of polymorph (4)
Scrolls
 b - a scroll of silence
 f - 2 scrolls of magic mapping {unknown}
 g - a scroll of vulnerability
 r - 2 scrolls of enchant armour {unknown}
 u - 4 scrolls of teleportation
 v - 2 scrolls of immolation {unknown}
 y - a scroll of identify
Potions
 i - a potion of degeneration {unknown}
 j - a potion of lignification {unknown}
 k - a potion of might
 m - 2 potions of curing {unknown}
 o - a potion of attraction {unknown}
 w - a potion of flight
 x - a potion of heal wounds
 z - a potion of mutation {unknown}
 A - a potion of haste {unknown}


   Skills:
 - Level 7.0 Fighting
 - Level 2.0 Throwing
 + Level 5.6 Armour
 - Level 3.0 Dodging
 - Level 5.0 Shields
 - Level 1.1 Unarmed Combat
 - Level 5.0 Invocations
 - Level 1.8 Evocations


You had 7 spell levels left.
You didn't know any spells.
Your spell library contained the following spells:

 Spells                   Type           Power      Damage    Failure   Level
 Animate Skeleton         Necr           0%         N/A       100%        1
 Apportation              Tloc           0%         N/A       100%        1
 Foxfire                  Conj/Fire      0%         2x1d4     100%        1
 Summon Small Mammal      Summ           0%         N/A       100%        1
 Conjure Flame            Conj/Fire      0%         6-21      100%        3
 Inner Flame              Hex/Fire       0%         N/A       100%        3
 Portal Projectile        Hex/Tloc       0%         N/A       100%        3
 Flame Wave               Conj/Fire      0%         2d4       100%        4
 Blade Hands              Tmut           0%         N/A       100%        5
 Excruciating Wounds      Necr           0%         N/A       100%        5


Dungeon Overview and Level Annotations

Branches:
Dungeon (6/15)             Temple (0/1) D:4

Altars:
Elyvilon
Hepliaklqana
Sif Muna
Uskayaw

Shops:
D:2 [   D:6 ?

Annotations:
D:4 3 runed translucent doors, CowFu's ghost, amateur DgFi; Ijyb; Pikel
D:6 1 runed translucent door, sammy202020's ghost, novice DsBe


Innate Abilities, Weirdness & Mutations

You have a pair of horns on your head.
You reflexively headbutt those who attack you in melee.


Message History

The black bear appears confused.
The orc warrior appears confused.
A shadow imp comes into view.
You can no longer pass through a line of other dancers.
The shadow imp shouts!
You block the orc warrior's attack.
The black bear bites the orc warrior but does no damage.
The black bear claws the orc warrior but does no damage.
The black bear completely misses the orc warrior.
You hit the orc warrior.
The orc warrior is moderately wounded.
The black bear seems less confused.
The orc warrior seems less confused.
The orc warrior hits you but does no damage. x2
The black bear bites you but does no damage.
The black bear claws you but does no damage. x2
You hit the black bear.
You headbutt the black bear, but do no damage.
The black bear is severely wounded.
You hit the orc warrior but do no damage.
The orc warrior hits you with a +0 halberd!
You block the black bear's attack. x2
The black bear claws you but does no damage.
You slash the black bear!
You kill the black bear!
You barely miss the orc warrior.
The orc warrior hits you with a +0 halberd.
The orc warrior hits you but does no damage.
You can now pass through a line of other dancers.
Training target 5.0 for Invocations reached!
Your Invocations skill increases to level 5!
You need to enable at least one skill for training.
You barely miss the orc warrior.
The orc warrior is moderately wounded.
The orc warrior hits you with a +0 halberd!
* * * LOW HITPOINT WARNING * * *
You hit the orc warrior but do no damage.
You headbutt the orc warrior.
The orc warrior is moderately wounded.
You block the orc warrior's attack.
The orc warrior hits you with a +0 halberd!
You die...

..### #.#.# ..
#.#... . #.###...
!...# ##.# .#..
..... #..# # .
...... #.## ....5.
#)# ......####.# #
.......@##.###...(
......†o.........<
......#.##########
......#.)#Fr≈≈≈≈
..... #..+Wr≈≈$≈
..... ##.#S≈≈≈≈≈
...# ######### ...


You could see an orc warrior and a shadow imp.

Vanquished Creatures
  Grinder (D:4)
  An ice beast (D:5)
  A black bear (D:6)
  A centaur (D:5)
  A phantom (D:5)
  A necrophage (D:4)
  A scorpion (D:5)
  A jelly (D:4)
  3 hounds (D:5)
  A gnoll shaman (D:5)
  An iguana (D:5)
  5 orc wizards
  7 gnolls
  7 adders
  An ufetubus (D:5)
  2 worms
  3 dart slugs
  14 orcs
  2 ball pythons
  3 bats
  3 endoplasms
  4 giant cockroaches
  3 hobgoblins
  6 jackals (D:5)
  3 quokkas
  3 frilled lizards
  9 goblins
  4 kobolds
  6 rats
98 creatures vanquished.

Notes
Turn   | Place    | Note
-------+----------+-------------------------------------------
     0 | D:1      | enile the Minotaur Wanderer began the quest for the Orb.
     0 | D:1      | enile set off with the following items: a +0 club, a scroll
                  | of silence, a +0 ring mail, a scroll of fog, a +0 buckler
                  | of protection
     0 | D:1      | Reached XP level 1. HP: 16/16 MP: 0/0
   185 | D:1      | Reached skill level 2 in Fighting
   215 | D:1      | Reached XP level 2. HP: 17/25 MP: 1/1
   601 | D:2      | Identified the +0 leather armour of Myocogi {Int+4 Slay+2}
   633 | D:2      | Reached skill level 3 in Fighting
   642 | D:2      | Reached XP level 3. HP: 31/31 MP: 2/2
   647 | D:2      | Found Buskod's Antique Armour Shop.
   762 | D:2      | Reached skill level 4 in Fighting
   825 | D:2      | Reached skill level 5 in Shields
  1128 | D:3      | Reached XP level 4. HP: 22/41 MP: 3/3
  2031 | D:3      | Found a white marble altar of Elyvilon.
  2056 | D:3      | Noticed a +0 dagger
  2056 | D:3      | Noticed a +0 hand axe
  2061 | D:3      | Found a hide-covered altar of Uskayaw.
  2089 | D:3      | Became a worshipper of Uskayaw the Reveller
  2206 | D:3      | Reached * piety under Uskayaw
  2323 | D:3      | Found a faded altar of an unknown god.
  2477 | D:4      | Noticed Ijyb
  2804 | D:4      | Reached ** piety under Uskayaw
  2811 | D:4      | Reached *** piety under Uskayaw
  2812 | D:4      | Reached skill level 5 in Fighting
  2812 | D:4      | Reached skill level 1 in Invocations
  2864 | D:2      | Bought a pair of runed boots for 135 gold pieces
  2937 | D:4      | Noticed Grinder
  2945 | D:4      | Paralysed by Grinder for 2 turns
  2952 | D:4      | Killed Grinder
  2953 | D:4      | Reached XP level 5. HP: 23/48 MP: 3/6
  2953 | D:4      | Reached XP level 6. HP: 27/56 MP: 3/7
  3197 | D:4      | Found a staircase to the Ecumenical Temple.
  3277 | D:4      | Noticed Pikel
  3314 | D:5      | Entered Level 5 of the Dungeon
  3327 | D:5      | Noticed an ice beast
  3331 | D:5      | Reached skill level 6 in Fighting
  3337 | D:5      | Killed an ice beast
  3337 | D:5      | Reached **** piety under Uskayaw
  3426 | D:5      | Reached skill level 7 in Fighting
  3426 | D:5      | Reached XP level 7. HP: 22/66 MP: 4/8
  3427 | D:5      | Reached skill level 1 in Dodging
  3687 | D:4      | Noticed CowFu's ghost (amateur DgFi)
  3778 | D:4      | Found a shimmering blue altar of Sif Muna.
  3806 | D:4      | Found a runed translucent gate.
  3806 | D:4      | Found a runed translucent gate.
  3808 | D:4      | Found a runed translucent gate.
  4672 | D:5      | Reached skill level 5 in Armour
  4765 | D:5      | Found a hazy altar of Hepliaklqana.
  5084 | D:5      | Reached XP level 8. HP: 70/73 MP: 10/10
  5639 | D:6      | Found Qoesuog's Magic Scroll Shoppe.
  5647 | D:6      | Bought a scroll of teleportation for 42 gold pieces
  5667 | D:6      | Found a runed translucent door.
  5667 | D:6      | Noticed sammy202020's ghost (novice DsBe)
  5691 | D:6      | Reached skill level 5 in Invocations
  5692 | D:6      | Slain by an orc warrior

Illustrated notes

Levels and vault maps discovered:
D:1:      dpeg_arrival_tiny_i, layout_rooms
D:2:      layout_rooms, serial_shops, shop, chequers_serial_rivers_micro_e
D:3:      layout_rooms, mainiacjoe_overflow_six_doors_small,
          dancing_weapons_uskayaw, chequers_ecumenical_altar_grove,
          serial_glass, glass_columns_a, glass_columns_b, minmay_misc_feat_alley
D:4:      layout_basic, overflow_temple_1_default, minmay_temple_entry_mist,
          gammafunk_ghost_split, uniq_edmund, uniq_grinder, uniq_pikel,
          uniq_ijyb
D:5:      layout_basic, mainiacjoe_overflow_catwalk, st_stairs_9
D:6:      layout_rooms, nicolae_dithmenos_shadow_blocks,
          mainiacjoe_overflow_alcove_1, ebering_ghost_sewer_f,
          portal_sewer_entry_c, serial_shops, nicolae_stop_n_shop_1, shop,
          nicolae_stop_n_shop_1, nicolae_shop_behind_doors,
          wad_floor_pattern_untrapped, minivault_4

Skill      XL: |  1  2  3  4  5  6  7  8 |
---------------+-------------------------+-----
Fighting       | 2 3 4 5 7 |  7.0
Shields        | 5 |  5.0
Armour         | 3 5 |  5.6
Invocations    | 3 4 5 |  5.0
Throwing       | 2 |  2.0
Dodging        | 3 |  3.0
Unarmed Combat | |  1.1
Evocations     | |  1.8

Action                   |  1- 3 |  4- 6 |  7- 9 || total
-------------------------+-------+-------+-------++-------
Melee: Club              |    90 |       |       ||    90
       Headbutt          |    13 |    16 |    26 ||    55
       Mace              |       |    50 |   140 ||   190
       Flail             |       |    18 |       ||    18
       War axe           |       |       |    22 ||    22
Throw: Dart              |       |     3 |     2 ||     5
Invok: Stomp             |       |     1 |     1 ||     2
       Line Pass         |       |       |     1 ||     1
  Use: Scroll            |       |     7 |     2 ||     9
       Potion            |       |     3 |       ||     3
 Stab: Sleeping          |       |     2 |       ||     2
       Paralysed         |       |     1 |     1 ||     2
Armor: Ring mail         |    38 |     5 |       ||    43
       Leather armour    |       |    14 |     2 ||    16
       Crystal plate arm |       |       |   214 ||   214
Dodge: Dodged            |    29 |    28 |    16 ||    73
Block: Buckler           |    27 |    24 |    55 ||   106

Table legend: (Time is in decaauts)
 A = Elapsed time spent in this place.
 B = Non-inter-level travel time spent in this place.
 C = Inter-level travel time spent in this place.
 D = Time resting spent in this place.
 E = Time spent auto-exploring this place.
 F = Levels seen in this place.
 G = Mean time per level.
                   A        B        C        D        E       F      G
               +--------+--------+--------+--------+--------+-----+--------+
         Total |   5831 |   5409 |    422 |    805 |   3443 |   6 |  971.8 |
       Dungeon |   5831 |   5409 |    422 |    805 |   3443 |   6 |  971.8 |
               +--------+--------+--------+--------+--------+-----+--------+

Top non-repeatable levels by time:
     D:5: 1415 daAuts
     D:3: 1327 daAuts
     D:4: 1306 daAuts
     D:2: 1098 daAuts
     D:1: 596 daAuts
     D:6: 86 daAuts
